 Dungeon Crawl Stone Soup version 0.30.1-9-gdf580d7c3d (webtiles) character file.

Game seed: 4283906968411925052

4293 Wiggles the Cleaver (level 10, -16/88 HPs)
             Began as a Minotaur Berserker on Oct 24, 2023.
             Was an Elder of Trog.
             Demolished by a komodo dragon (37 damage)
             ... on level 8 of the Dungeon.
             The game lasted 00:12:18 (6779 turns).

Wiggles the Cleaver (Minotaur Berserker)            Turns: 6779, Time: 00:12:19

Health: -16/88     AC: 17    Str: 27    XL:     10   Next: 11%
Magic:  4/9        EV:  9    Int:  4    God:    Trog [****..]
Gold:   457        SH:  0    Dex:  9    Spells: 9/9 levels left

rFire   . . .        c - +0 executioner's axe (freeze)
rCold   . . .        (shield currently unavailable)
rNeg    . . .        F - +0 plate armour
rPois   .            (helmet restricted)
rElec   .            a - +0 cloak
rCorr   .            i - +1 pair of gloves
SInv    +            (no boots)
Will    +....        (no amulet) Stlth
                     l - ring of see invisible
HPRegen 0.34/turn    h - ring of willpower
MPRegen 0.11/turn

%: no passive effects
@: no status effects
A: horns 2, retaliatory headbutt
a: Renounce Religion, Berserk, Trog's Hand, Brothers in Arms


You were on level 8 of the Dungeon.
You worshipped Trog.
Trog was greatly pleased with you.
You visited 1 branch of the dungeon, and saw 8 of its levels.

You collected 457 gold pieces.

Inventory:

Hand Weapons
 c - a +0 executioner's axe of freezing (weapon)
Armour
 a - a +0 cloak (worn)
 i - a +1 pair of gloves (worn)
 F - a +0 plate armour (worn)
Jewellery
 d - a ring of flight
 h - a ring of willpower (right hand)
 k - a +6 ring of intelligence
 l - a ring of see invisible (left hand)
 C - an amulet of faith
Wands
 o - a wand of paralysis (11)
 s - a wand of light (4)
 t - a wand of flame (23)
Scrolls
 b - 9 scrolls of teleportation
 e - 3 scrolls of identify
 g - 2 scrolls of magic mapping
 j - 3 scrolls of poison
 n - a scroll of fear
Potions
 f - a potion of lignification
 m - 2 potions of flight
 q - 4 potions of curing
 r - 3 potions of berserk rage
 v - 2 potions of might
 w - a potion of heal wounds
 D - 2 potions of magic
 E - a potion of ambrosia


   Skills:
 + Level 7.9 Fighting
 + Level 11.7 Axes
 + Level 8.4 Armour
 + Level 5.2 Dodging
 + Level 2.0 Stealth
 + Level 5.4 Shields


You had 9 spell levels left.
You didn't know any spells.
Your spell library was empty.

Dungeon Overview and Level Annotations

Branches:
Dungeon (8/15)             Temple (0/1) D:5
   Lair: D:8-11

Altars:
Ashenzari
Fedhas
Gozag
Kikubaaqudgha
Makhleb
Nemelex Xobeh
Qazlal
Vehumet

Shops:
D:4 ?

Annotations:
D:8 1 transporter, mkat's ghost, novice AtRe


Innate Abilities, Weirdness & Mutations

You have a pair of horns on your head.
You reflexively headbutt those who attack you in melee.


Message History

The bullfrog hits you but does no damage.
The black bear bites your ogre. The black bear barely misses your ogre.
The black bear completely misses your ogre.
The bullfrog completely misses you. You furiously retaliate!
You headbutt the bullfrog!
The moth of wrath goads the bullfrog on!
The bullfrog goes berserk!
Mkat's ghost says very slowly, "There's no hope."
Your ogre closely misses the black bear.
The komodo dragon bites you!! The bullfrog closely misses you.
You furiously retaliate!
You headbutt the bullfrog. The black bear bites your ogre.
The black bear barely misses your ogre.
The black bear claws your ogre but does no damage.
The moth of wrath goads the black bear on!
The black bear goes berserk!
You closely miss the bullfrog. Your headbutt misses the bullfrog.
The bullfrog is moderately wounded.
You hit the komodo dragon but do no damage.
The bullfrog barely misses you. The komodo dragon bites you!!!
* * * LOW HITPOINT WARNING * * *
Your ogre barely misses the black bear.
The black bear bites your ogre! The black bear claws your ogre. x2
The bullfrog hits you but does no damage.
The black bear rages.
The komodo dragon barely misses you.
The black bear bites your ogre but does no damage.
The black bear claws your ogre. The black bear barely misses your ogre.
The bullfrog hits you.
* * * LOW HITPOINT WARNING * * *
Your ogre misses the black bear.
You feel much better. The bullfrog hits you!
The komodo dragon bites you but does no damage.
The black bear closely misses your ogre.
The black bear claws your ogre. The black bear barely misses your ogre.
Mkat's ghost hits you!
* * * LOW HITPOINT WARNING * * *
You feel your power leaking away.
The bullfrog hits you but does no damage.
The komodo dragon bites you!!!
You die...

.####.########## #.# #...)
...............######.# #[##.
.####.####..........#.### #.##)
......###..###©####.....# #.##.
#####.##..##.### F#####.## #.##.
#.##.##..... #....#..####.###
#.##.#....#. .#...##.........
#.##.#..##..#W.....#.#.##.### ###
#....#h..#..@Fh##.©#..#.....# ..#
#.#.##.#...Ol#F....#))#.#.#.#
#.###.#.#....###hy.##.##).#.#...(
......#.##..#..([$.. #.).#.###.#
>.....#..###. #####. ##.#.#.....#
......##...####.©.####..#.#######
......####.............##.# #..
......# #######....##.##.#####..
......# ####....##........


You could see a moth of wrath, a komodo dragon (berserk), 2 black bears, 2
bullfrogs, mkat's ghost and a friendly ogre (summoned, berserk).

Vanquished Creatures
  Maggie (D:7)
  Sigmund (D:4)
  A steam dragon (D:7)
  Menkaure (D:5)
  Edmund (D:6)
  3 water moccasins
  Duvessa (D:5)
  An ice beast (D:6)
  2 orc warriors
  A sky beast (D:7)
  3 black bears
  2 ogres
  3 phantoms
  2 centaurs (D:8)
  Blork the orc (D:4)
  2 kobold brigands
  3 scorpions
  Dowan (D:5)
  15 killer bees
  2 howler monkeys
  4 hounds
  4 orc priests
  Crazy Yiuf (D:4)
  Jessica (D:2)
  2 iguanas
  4 orc wizards
  A sleepcap (D:5)
  Robin (D:3)
  7 adders
  4 shadow imps
  A white imp (D:6)
  2 ufetubi (D:5)
  6 worms
  4 dart slugs
  28 orcs
  10 ball pythons
  5 bats
  3 endoplasms
  2 giant cockroaches
  10 goblins
  11 hobgoblins
  2 jackals (D:1)
  3 quokkas
  A frilled lizard (D:2)
  7 kobolds
  5 rats (D:1)
176 creatures vanquished.

Vanquished Creatures (others)
  A killer bee (D:8)
  A goblin (D:3)
2 creatures vanquished.

Grand Total: 178 creatures vanquished

Notes
Turn   | Place    | Note
-------+----------+-------------------------------------------
     0 | D:1      | Wiggles the Minotaur Berserker began the quest for the Orb.
     0 | D:1      | Reached XP level 1. HP: 19/19 MP: 0/0
   137 | D:1      | Reached skill level 4 in Axes
   232 | D:1      | Reached XP level 2. HP: 27/27 MP: 1/1
   766 | D:1      | Reached XP level 3. HP: 32/33 MP: 2/2
  1059 | D:2      | Reached ** piety under Trog
  1141 | D:2      | Noticed Jessica
  1148 | D:2      | Killed Jessica
  1149 | D:2      | Reached skill level 5 in Axes
  1149 | D:2      | Reached XP level 4. HP: 37/40 MP: 3/3
  1484 | D:3      | Noticed Robin
  1493 | D:3      | Killed Robin
  1571 | D:3      | Identified the +9 hand axe "Juubreits" {freeze, *Rage rN+
                  | rCorr}
  1949 | D:3      | Reached XP level 5. HP: 46/46 MP: 4/4
  2026 | D:3      | Reached skill level 1 in Shields
  2354 | D:4      | Reached XP level 6. HP: 53/53 MP: 5/5
  2405 | D:4      | Noticed Blork the orc
  2409 | D:4      | Noticed Sigmund
  2414 | D:4      | Killed Blork the orc
  2415 | D:4      | Reached skill level 6 in Axes
  2422 | D:4      | Killed Sigmund
  2422 | D:4      | Reached *** piety under Trog
  2423 | D:4      | Reached skill level 5 in Fighting
  2423 | D:4      | Reached XP level 7. HP: 61/61 MP: 6/6
  2607 | D:4      | Found Goskacef's Magic Scroll Shoppe.
  2748 | D:4      | Found a runed translucent door.
  2751 | D:4      | Noticed Crazy Yiuf
  2756 | D:4      | Killed Crazy Yiuf
  2807 | D:5      | Entered Level 5 of the Dungeon
  2856 | D:5      | Found a blossoming altar of Fedhas.
  3046 | D:5      | Found a staircase to the Ecumenical Temple.
  3075 | D:5      | Reached skill level 7 in Axes
  3119 | D:5      | Noticed Menkaure
  3122 | D:5      | Killed Menkaure
  3196 | D:5      | Reached skill level 1 in Stealth
  3206 | D:5      | Reached skill level 5 in Armour
  3217 | D:5      | Reached XP level 8. HP: 68/69 MP: 7/7
  3330 | D:5      | Found a stormy altar of Qazlal.
  3337 | D:5      | Found a sparkling altar of Nemelex Xobeh.
  3390 | D:5      | Reached skill level 8 in Axes
  3434 | D:5      | Noticed Dowan
  3435 | D:5      | Noticed Duvessa
  3438 | D:5      | Killed Dowan
  3440 | D:5      | Killed Duvessa
  3854 | D:5      | Found a burning altar of Makhleb.
  3898 | D:6      | Reached skill level 9 in Axes
  3918 | D:6      | Reached skill level 5 in Dodging
  3978 | D:6      | Noticed Edmund
  3984 | D:6      | Killed Edmund
  3985 | D:6      | Reached skill level 5 in Shields
  4029 | D:6      | Reached XP level 9. HP: 75/75 MP: 8/8
  4047 | D:6      | Reached **** piety under Trog
  4446 | D:6      | Identified a scroll of acquirement
  4446 | D:6      | Acquired a +0 executioner's axe of freezing
  4470 | D:7      | Noticed Maggie
  4477 | D:7      | Killed Maggie
  4478 | D:7      | Reached skill level 10 in Axes
  4661 | D:7      | Found a radiant altar of Vehumet.
  4663 | D:7      | Found an opulent altar of Gozag.
  4665 | D:7      | Found an ancient bone altar of Kikubaaqudgha.
  5450 | D:7      | Reached skill level 11 in Axes
  5739 | D:8      | Found a broken altar of Ashenzari.
  6196 | D:8      | Found a transporter.
  6200 | D:8      | Noticed a komodo dragon
  6201 | D:8      | Noticed mkat's ghost (novice AtRe)
  6201 | D:8      | Noticed a moth of wrath
  6223 | D:8      | Reached XP level 10. HP: 80/88 MP: 9/9
  6246 | D:8      | Found a transporter.
  6468 | D:8      | Reached ***** piety under Trog
  6779 | D:8      | Demolished by a komodo dragon

Illustrated notes

Levels and vault maps discovered:
D:1:      shiori_arrival_oz, layout_loops_ring, minmay_tetromino_l2
D:2:      layout_rooms, serial_glass, glass_columns_b, glass_columns_b,
          amcnicky_mini_corridor_feature, uniq_jessica
D:3:      layout_loops_cross, uniq_robin
D:4:      cheibrodos_quashed, layout_rooms, serial_shops, shop, uniq_sigmund,
          uniq_crazy_yiuf_cottage, uniq_blork_the_orc
D:5:      wad_lake_hut, layout_loops_corners, mainiacjoe_overflow_big_doors,
          fedhas_ov_isle_minmay, general_overflow_altar,
          minmay_temple_entry_trees, uniq_menkaure, uniq_duvessa
D:6:      layout_basic, uniq_edmund
D:7:      layout_cave_pods, chequers_temple_overflow_statue_of_worship,
          uniq_maggie
D:8:      layout_loops_ring, nicolae_ashenzari_skybound,
          gammafunk_ghost_berserking_beasts

Skill      XL: |  1  2  3  4  5  6  7  8  9 |
---------------+----------------------------+-----
Axes           | 4 5 6 7 9 11 | 11.7
Fighting       | 4 5 6 7 |  7.9
Armour         | 3 4 5 6 8 |  8.4
Shields        | 2 3 4 5 |  5.4
Dodging        | 3 4 5 |  5.2
Stealth        | 1 2 |  2.0

Action                     |  1- 3 |  4- 6 |  7- 9 | 10-12 || total
---------------------------+-------+-------+-------+-------++-------
  Melee: Hand axe          |    65 |    79 |    88 |       ||   232
         Headbutt          |     9 |    13 |    23 |     3 ||    48
         Executioner's axe |       |       |    73 |    38 ||   111
         Battleaxe         |       |       |     2 |       ||     2
 Invoke: Berserk           |     1 |     1 |     2 |       ||     4
         Brothers in Arms  |       |       |       |     1 ||     1
    Use: Scroll            |       |       |    23 |       ||    23
         Potion            |       |       |       |     1 ||     1
 Armour: Animal skin       |    11 |       |       |       ||    11
         Ring mail         |     6 |       |       |       ||     6
         Scale mail        |     4 |    36 |     4 |       ||    44
         Chain mail        |       |       |    18 |       ||    18
         Plate armour      |       |       |    83 |    32 ||   115
  Dodge: Dodged            |    27 |    34 |    83 |    47 ||   191
  Block: Kite shield       |    13 |    29 |    34 |       ||    76
